 Dungeon Crawl Stone Soup version 0.30-a0-757-ga6a79fd877 (webtiles) character file.

Game seed: 2051536015217455858

33 cforsyth the Caller (level 3, 0/19 HPs)
             Began as a Tengu Summoner on Feb 10, 2023.
             Killed from afar by Sigmund (6 damage)
             ... with a magic dart
             ... on level 2 of the Dungeon.
             The game lasted 00:03:19 (1114 turns).

cforsyth the Caller (Tengu Summoner)                Turns: 1114, Time: 00:03:19

Health: 0/19       AC:  2    Str:  8    XL:     3   Next: 29%
Magic:  1/8        EV: 12    Int: 17    God:
Gold:   64         SH:  0    Dex: 14    Spells: 1/7 levels left

rFire   . . .      SeeInvis .    (no weapon)
rCold   . . .      Faith    .    (no shield)
rNeg    . . .      Spirit   .    a - +0 robe
rPois   .          Reflect  .    (helmet restricted)
rElec   .          Harm     .    (no cloak)
rCorr   .          Rampage  .    (no gloves)
Will    .....                    (boots unavailable)
Stlth   ++                       (no amulet)
HPRegen 0.23/turn                (no ring)
MPRegen 0.11/turn                (no ring)

@: no status effects
A: beak, talons 3
a: no special abilities


You were on level 2 of the Dungeon.
You visited 1 branch of the dungeon, and saw 2 of its levels.

You collected 64 gold pieces.

Inventory:

Armour
 a - a +0 robe (worn)
Jewellery
 d - an amulet of guardian spirit
Scrolls
 g - 2 scrolls of identify {unknown}
 j - a scroll of teleportation {unknown}
 l - a scroll of vulnerability {unknown}
 m - a scroll of noise {unknown}
 n - a scroll of amnesia {unknown}
 o - a scroll of poison {unknown}
Potions
 b - a potion of magic
 c - 2 potions of degeneration {unknown}
 e - 2 potions of curing {unknown}
 f - a potion of flight {unknown}
 h - 2 potions of brilliance {unknown}
 i - a potion of berserk rage {unknown}
 k - a potion of might {unknown}


   Skills:
 - Level 2.1 Dodging
 - Level 2.0 Stealth
 + Level 2.7 Spellcasting
 + Level 5.5 Summonings


You had one spell level left.
You knew the following spells:

 Your Spells              Type           Power      Damage    Failure   Level
a - Summon Small Mammal   Summ           84%        N/A       1%          1
b - Call Imp              Summ           21%        N/A       2%          2
c - Call Canine Familiar  Summ           21%        N/A       5%          3

Your spell library contained the following spells:

 Spells                   Type           Power      Damage    Failure   Level
 Summon Guardian Golem    Hex/Summ       11%        N/A       17%         3
 Summon Lightning Spire   Summ/Air       11%        N/A       50%         4


Dungeon Overview and Level Annotations

Branches:
Dungeon (2/15)

Altars:

Annotations:
D:2 Sigmund


Innate Abilities, Weirdness & Mutations

You have a beak for a mouth.
You have claws for feet.


Message History

Sigmund hits your hound with a +5 scythe of venom!
Your hound dies!
Your hound's corpse disappears in a puff of smoke!
Casting: Call Canine Familiar (quite dangerous; 5% risk of failure)
Confirm with . or Enter, or press ? or * to list all spells.
The spell is quite dangerous to miscast (5% risk of failure)!
Continue anyway?
Sigmund zaps a wand.
The puff of flame hits you!
Unknown command.
Sigmund says, "Look into my eyes."
Sigmund zaps a wand.
The puff of flame hits your hound!
Your hound closely misses Sigmund.
Your hound bites Sigmund.
Sigmund casts a spell at your hound. The magic dart hits your hound.
Your hound bites Sigmund but does no damage.
Sigmund gestures wildly while chanting.
Sigmund flickers and vanishes!
Deactivating autopickup; reactivate with Ctrl-A.
Your hound misses something.
Your hound closely misses something.
Your hound resists with significant effort.
Unknown command.
Your hound bites something but does no damage.
Something closely misses your hound.
Your hound completely misses something.
Your hound bites something.
Your hound barely misses something.
A puff of flame appears from out of thin air!
The puff of flame hits your hound!
Your hound dies!
Your hound's corpse disappears in a puff of smoke!
Casting: Call Canine Familiar (quite dangerous; 5% risk of failure)
Confirm with . or Enter, or press ? or * to list all spells.
The spell is quite dangerous to miscast (5% risk of failure)!
Continue anyway?
You hear a shout!
You hear a zap.
A puff of flame appears from out of thin air!
The puff of flame hits you!
* * * LOW HITPOINT WARNING * * *
A magic dart appears from out of thin air!
The magic dart hits you.
You die...

....###.......## ##..######
P.### ###......# ##.#....#
#### ##...#.# #.#....# #..#
##....######...)..#
..#########...[.....###....#
....<.....##........#......#
.########....†........#....#
#############.#...........###
................@...........#
...##############.......>(###
...........# #.........#
...........######....########
..................h...{.....#
.......##########.########..#
.....########.†...### .##
........................ .#
.....########.########## ##


You could see a friendly hound (summoned).

Vanquished Creatures
  2 hobgoblins (D:2)
  2 bats
4 creatures vanquished.

Vanquished Creatures (collateral kills)
  A dart slug (D:2)
  3 endoplasms
  A giant cockroach (D:2)
  2 goblins
  A quokka (D:2)
  2 ball pythons (D:2)
  3 bats (D:2)
  11 frilled lizards (D:2)
  3 kobolds
  3 rats (D:2)
30 creatures vanquished.

Vanquished Creatures (others)
  4 plants (D:2)
4 creatures vanquished.

Grand Total: 38 creatures vanquished

Notes
Turn   | Place    | Note
-------+----------+-------------------------------------------
     0 | D:1      | cforsyth the Tengu Summoner began the quest for the Orb.
     0 | D:1      | Reached XP level 1. HP: 10/10 MP: 4/4
   211 | D:1      | Reached skill level 5 in Summonings
   243 | D:1      | You fall into a shaft and drop 1 floor!
   294 | D:2      | Reached XP level 2. HP: 14/15 MP: 3/6
   364 | D:2      | Learned a level 2 spell: Call Imp
   740 | D:2      | Reached XP level 3. HP: 19/19 MP: 2/7
   744 | D:2      | Learned a level 3 spell: Call Canine Familiar
  1092 | D:2      | Noticed Sigmund
  1114 | D:2      | Killed from afar by Sigmund

Illustrated notes

Levels and vault maps discovered:
D:1:      heliophobic_arrival_enchanted_forest, layout_basic,
          hangedman_decor_lopped, chequers_serial_rivers_micro_e,
          corexii_hall_statues_i
D:2:      layout_rooms, minmay_lizard_king, uniq_sigmund

Skill      XL: |  1 |
---------------+----+-----
Summonings     | 5 |  5.5
Dodging        | |  2.1
Stealth        | |  2.0
Spellcasting   | |  2.7

Action                     || total
---------------------------++-------
  Melee: Unarmed           ||    21
         Kick              ||     5
         Peck              ||     2
         Punch             ||     1
   Cast: Summon Small Mamm ||    31
         Call Imp          ||     8
         Call Canine Famil ||     5
 Armour: Robe              ||    12
  Dodge: Dodged            ||    45

Table legend: (Time is in decaauts)
 A = Elapsed time spent in this place.
 B = Non-inter-level travel time spent in this place.
 C = Inter-level travel time spent in this place.
 D = Time resting spent in this place.
 E = Time spent auto-exploring this place.
 F = Levels seen in this place.
 G = Mean time per level.
                   A        B        C        D        E       F      G
               +--------+--------+--------+--------+--------+-----+--------+
         Total |   1113 |   1113 |      0 |      0 |    826 |   2 |  556.5 |
       Dungeon |   1113 |   1113 |      0 |      0 |    826 |   2 |  556.5 |
               +--------+--------+--------+--------+--------+-----+--------+

Top non-repeatable levels by time:
     D:2: 870 daAuts
     D:1: 243 daAuts
